Map: Disco Bloodbath LE

Players

Djorn - Winner!

  • Race: Protoss Protoss
  • League: Bronze
  • Spawn Location: 9:00

Mark

  • Race: Terran Terran
  • League: Bronze
  • Spawn Location: 3:00

VOD

Have the link to the VOD?

Description

Time

  • Played on: Aug. 26, 2019, 9:49 a.m.
  • Length: 11:38
Show
View Real Time Build Order
Export as new Build Order

Djorn Protoss - Winner!

Build Orders:  

Get SALT Encoding   

  12  0:06  Probe  
  13  0:18  Probe  
  14  0:33  Pylon  
  14  0:39  Probe  
  15  0:51  Probe  
  16  1:01  Gateway  
  16  1:02  Probe  
  16  1:05  Pylon  
  16  1:10  Probe, Assimilator  
  18  1:20  Probe  
  19  1:31  Gateway  
  19  1:34  Probe  
  20  1:42  Assimilator  
  20  1:46  Probe  
  21  1:56  Cybernetics Core  
  21  1:58  Probe  
  22  2:10  Probe  
  23  2:24  Pylon  
  23  2:26  Probe  
  24  2:35  Stalker  
  24  2:37  Adept  
  26  2:47  Warp Gate  
  28  3:01  Stalker  
  30  3:07  Gateway  
  30  3:09  Gateway  
  30  3:16  Pylon  
  30  3:21  Pylon  
  30  3:31  Adept  
  32  4:22  Pylon  
  32  4:30  Robotics Facility  
  32  4:35  Twilight Council  
  32  4:46  Pylon  
  32  5:01  Adept  
  32  5:02  Adept x3  
  40  5:22  Dark Shrine  
  40  5:26  Stalker  
  42  5:35  Stalker x2  
  46  5:48  Pylon  
  46  6:20  Charge  
  46  6:43  Forge  
  46  6:44  Stalker x2  
  46  6:45  Forge  
  50  6:53  Gateway  
  50  6:58  Gateway  
  50  7:03  Dark Templar x2  
  50  7:08  Dark Templar  
  56  7:09  Dark Templar  
  58  7:30  Observer  
  59  7:39  Dark Templar  
  61  7:48  Adept  
  61  7:49  Adept x2  
  67  7:51  Immortal  
  71  8:16  Stalker x2  
  71  8:17  Stalker  
  69  8:48  Dark Templar  
  69  8:55  Zealot x3  
  71  8:56  Zealot x2  
  71  9:17  Stalker  
  71  9:18  Stalker x2  
  71  9:21  Archon  
  73  9:36  Zealot x2  
  73  9:37  Zealot  
  73  9:58  Dark Templar x2  
  71  11:11  Zealot x3  
  75  11:15  Stalker  
Show
View Real Time Build Order
Export as new Build Order

Mark Terran 

Build Orders:  

Get SALT Encoding   

  12  0:01  SCV  
  13  0:13  SCV  
  14  0:18  Supply Depot  
  14  0:28  Refinery  
  14  0:30  SCV  
  15  0:41  Refinery  
  15  0:42  SCV  
  16  0:55  Barracks  
  16  0:58  SCV  
  17  1:13  SCV  
  18  1:25  SCV  
  19  1:37  SCV  
  20  1:45  Barracks Tech Lab  
  20  1:49  Supply Depot  
  20  1:52  Orbital Command  
  20  2:00  Factory  
  20  2:05  Reaper  
  21  2:29  SCV  
  22  2:37  Engineering Bay  
  22  2:42  SCV  
  23  2:55  SCV  
  24  3:07  SCV  
  24  3:09  Terran Infantry Weapons Level 1  
  25  3:14  Armory  
  25  3:18  Starport  
  25  3:21  SCV  
  26  3:31  Siege Tank  
  29  3:46  Marine  
  30  4:04  Marine  
  30  4:15  Terran Vehicle Weapons Level 1  
  30  4:21  Marine  
  30  4:22  Barracks  
  31  4:26  Supply Depot  
  31  4:33  Supply Depot  
  31  4:47  Marine  
  31  4:48  Supply Depot  
  31  4:49  Command Center  
  32  4:53  Medivac  
  32  4:56  Supply Depot  
  34  5:05  Marine  
  36  5:09  Terran Infantry Weapons Level 2  
  35  5:15  Thor  
  35  5:17  Marine  
  42  5:23  Medivac  
  42  5:26  Supply Depot  
  44  5:35  SCV, Marine  
  46  5:44  Barracks  
  46  5:47  Starport  
  46  5:52  Marine  
  47  6:06  SCV  
  47  6:08  SCV  
  47  6:09  Marine  
  50  6:17  Refinery  
  50  6:18  SCV  
  51  6:19  Medivac  
  51  6:20  SCV  
  54  6:30  SCV  
  54  6:32  SCV  
  56  6:39  Refinery  
  56  6:42  Supply Depot, SCV  
  56  6:44  SCV  
  58  6:51  Terran Vehicle Weapons Level 2  
  58  6:54  SCV, Marine  
  58  6:56  SCV  
  58  6:58  Marine  
  58  7:00  Marine  
  63  7:04  Supply Depot  
  63  7:08  SCV  
  63  7:12  Marine  
  63  7:14  SCV  
  66  7:16  Marine  
  66  7:18  Marine  
  68  7:26  Terran Infantry Armor Level 1, SCV  
  68  7:29  Marine  
  69  7:30  Starport Tech Lab  
  69  7:33  Marine  
  71  7:37  Starport Tech Lab  
  71  7:38  SCV  
  71  7:39  Siege Tank  
  75  7:47  Marine  
  76  8:02  Raven  
  77  8:07  Raven  
  77  8:11  Siege Tank  
  50  8:44  Marine x2  
  31  9:02  Marine x2  
  24  9:10  Raven  
  24  9:14  SCV  
  27  9:26  SCV  
  26  9:35  Marine  
  26  9:37  Marine  
  28  9:38  SCV  
  29  9:50  Barracks, SCV  
  30  9:53  Marine  
  30  9:55  Barracks, Marine  
  32  10:02  SCV  
  31  10:11  Marine  
  31  10:13  Marine  
  33  10:15  SCV  
  34  10:27  SCV  
  35  10:29  Marine  
  35  10:30  Marine  
  37  10:39  SCV  
  37  10:42  Engineering Bay  
  30  10:47  Marine  
  30  10:48  Marine  
  23  10:59  Marine  
  16  11:06  Marine  
  11  11:17  Marine  
Tags
 
Add a new tag
Caveats
  • Supply blocks, unpowered buildings, or Contaminate may cause inaccurate times.
  • Supply counts are checked every 10 seconds.